 Dungeon Crawl Stone Soup version 0.14.0-17-gc0b17a5 (webtiles) character file.

181 mickemicke the Magician (level 4, -3/33 HPs)
             Began as a Mummy Skald on Apr 19, 2014.
             Slain by dadoka's ghost (5 damage)
             ... on Level 3 of the Dungeon.
             The game lasted 00:13:58 (4141 turns).

mickemicke the Magician (Mummy Skald)               Turns: 4141, Time: 00:13:59

HP  -3/33        AC  6     Str 15      XL: 4   Next: 77%
MP   0/10        EV 10     Int 12      God:
Gold 60          SH  0     Dex 11      Spells:  3 memorised,  4 levels left

rFire  x . .     SeeInvis .     i - +0 spear
rCold  + . .     Clarity  .     b - +0 leather armour
rNeg   + + +     Conserve .     (no shield)
rPois  +         rCorr    .     (no helmet)
rElec  .         rRot     +     (no cloak)
SustAb . .       Spirit   .     d - +0 pair of gloves
rMut   .         Warding  .     g - +1 pair of boots
Saprov . . .     Stasis   .     (no amulet)
MR     .....                    (no ring)
                                (no ring)

@: not resistant to hostile enchantments, very unstealthy
A: no food or potions, fire vulnerability, restore body, cold resistance 1, life
protection 3, poison resistance, torment resistance, unbreathing
a: no special abilities


You were on level 3 of the Dungeon.
You were not hungry.

You visited 1 branch of the dungeon, and saw 3 of its levels.

You collected 60 gold pieces.

Inventory:

Hand weapons
 a - a +0,+0 spear
 i - a +0,+0 spear (weapon)
Armour
 b - a +0 leather armour (worn)
 d - a +0 pair of gloves (worn)
 g - a +1 pair of boots (worn)
Scrolls
 e - a scroll of enchant armour {unknown}
 f - 2 scrolls of teleportation
 h - 2 scrolls of noise {unknown}
 j - 2 scrolls of blinking {unknown}
 k - 2 scrolls of identify {unknown}
 l - 2 scrolls of remove curse {unknown}
 m - a scroll of immolation {unknown}
 n - a scroll of enchant weapon II {unknown}
Books
 c - a book of Battle

   Spells                             Type                      Level
   *Infusion                          Charms                       1
   *Shroud of Golubria                Charms/Translocation         2
   Song of Slaying                    Charms                       2
   *Spectral Weapon                   Hexes/Charms                 3
   Regeneration                       Charms/Necromancy            3


   Skills:
 - Level 2.0 Fighting
 + Level 2.8 Polearms
 - Level 0.7 Armour
 - Level 0.7 Dodging
 - Level 3.5 Spellcasting
 - Level 1.1 Hexes
 - Level 2.4 Charms


You had 4 spell levels left.
You knew the following spells:

 Your Spells              Type           Power        Failure   Level  Hunger
c - Spectral Weapon       Hex/Chrm       #.......     34%         3    N/A
x - Shroud of Golubria    Chrm/Tloc      #.........   21%         2    N/A
z - Infusion              Chrm           #.....       12%         1    N/A

Dungeon Overview and Level Annotations

Branches:
Dungeon (3/15)

Altars:

Annotations:
D:3 dadoka's ghost, average TeGl


Innate Abilities, Weirdness & Mutations

You do not eat or drink.
Your flesh is vulnerable to fire.
Your flesh is cold resistant.
You are immune to negative energy.
Your system is resistant to poisons.
You are immune to unholy pain and torment.
You can survive without breathing.


Message History

Dadoka's ghost is lightly damaged.
Your spectral weapon misses dadoka's ghost.
Dadoka's ghost hits you!
You hit dadoka's ghost but do no damage.
Dadoka's ghost is lightly damaged.
Your spectral weapon completely misses dadoka's ghost.
Dadoka's ghost hits you.
You hit dadoka's ghost.
Dadoka's ghost is moderately damaged.
Your shroud unravels.
Your spectral weapon closely misses dadoka's ghost.
Dadoka's ghost hits you.
You miss dadoka's ghost.
Dadoka's ghost is moderately damaged.
You are feeling less magically infused.
Your spectral weapon hits dadoka's ghost.
Dadoka's ghost hits you!
* * * LOW HITPOINT WARNING * * *
Dadoka's ghost hits you.
You die...

#.....###.....#####.
#.....# ####........
######.....#######.#####.
.........................
..(...>............#####.
######....########## ###.
#.......### #...
#..p......# #...
##.@(...#.#######...
#..................
#..................
#......###.#......###
......................
............##.....###
.####.########...### ..#
#...# #### #####


You could see dadoka's ghost and a friendly spectral spear.

Vanquished Creatures
  A worker ant (D:3)
  4 adders
  2 giant cockroaches (D:1)
  8 hobgoblins
  8 jackals (D:2)
  7 kobolds
  2 ball pythons
  5 bats
  3 giant geckos (D:3)
  7 giant newts
  8 goblins
  A goblin skeleton (D:3)
  8 rats
64 creatures vanquished.

Notes
Turn   | Place    | Note
--------------------------------------------------------------
     0 | D:1      | mickemicke, the Mummy Skald, began the quest for the Orb.
     0 | D:1      | Reached XP level 1. HP: 16/16 MP: 3/3
   739 | D:1      | Reached XP level 2. HP: 22/22 MP: 5/5
  1416 | D:2      | Reached skill level 3 in Spellcasting
  1521 | D:2      | Reached XP level 3. HP: 27/27 MP: 8/8
  1526 | D:2      | Learned a level 3 spell: Spectral Weapon
  1529 | D:2      | Learned a level 2 spell: Shroud of Golubria
  1841 | D:2      | Reached skill level 1 in Hexes
  2837 | D:3      | Noticed dadoka's ghost (average TeGl)
  2928 | D:2      | Reached XP level 4. HP: 30/33 MP: 9/9
  4141 | D:3      | Slain by dadoka's ghost

Action                   |  1- 3 |  4- 6 || total
-------------------------+-------+-------++-------
Melee: Spear             |   213 |   100 ||   313
 Cast: Shroud of Golubri |     5 |     7 ||    12
       Infusion          |     3 |     3 ||     6
       Spectral Weapon   |       |     2 ||     2
  Use: Scroll            |     1 |       ||     1
